 Dungeon Crawl Stone Soup version 0.21-a0-434-g806c6c2 (webtiles) character file.

478 slep the Slasher (level 6, -2/47 HPs)
             Began as a Demonspawn Gladiator on Nov 9, 2017.
             Slain by an adder zombie (4 damage)
             ... on level 5 of the Dungeon.
             The game lasted 00:15:10 (2766 turns).

slep the Slasher (Demonspawn Gladiator)             Turns: 2766, Time: 00:15:10

Health: -2/47      AC:  3    Str: 15    XL:     6   Next: 85%
Magic:  6/6        EV: 13    Int: 10    God:
Gold:   195        SH:  0    Dex: 15    Spells: 5/5 levels left

rFire    . . .     SeeInvis +   a - +0 long sword
rCold    . . .     Gourm    .   (no shield)
rNeg     . . .     Faith    .   b - +0 leather armour
rPois    .         Spirit   .   (helmet restricted)
rElec    .         Reflect  .   (no cloak)
rCorr    .         Harm     .   (no gloves)
MR       .....                  (no boots)
Stlth    ..........             (no amulet)
HPRegen  0.15/turn              p - ring of loudness (curse)
MPRegen  0.10/turn              y - ring of see invisible

@: no status effects
A: horns 1, rot immunity
a: no special abilities


You were on level 5 of the Dungeon.
You were hungry.

You visited 1 branch of the dungeon, and saw 6 of its levels.

You collected 195 gold pieces.

Inventory:

Hand Weapons
 a - a +0 long sword (weapon)
 e - a +2 dagger of venom
 l - a +0 vampiric trident
Missiles
 d - 2 throwing nets (quivered)
Armour
 b - a +0 leather armour (worn)
 c - a +0 helmet
 m - a +0 helmet
Jewellery
 p - a cursed ring of loudness (left hand)
 y - a ring of see invisible (right hand)
Wands
 q - a wand of random effects (17/48)
 r - a wand of digging (8/24)
Scrolls
 g - 2 scrolls of teleportation {unknown}
 h - 3 scrolls of identify {unknown}
 j - a scroll of immolation {unknown}
 k - a scroll of enchant armour {unknown}
 n - a scroll of enchant weapon {unknown}
 o - a scroll of blinking {unknown}
 s - a scroll of random uselessness {unknown}
 t - a scroll of magic mapping {unknown}
 v - a scroll of remove curse {unknown}
 w - 2 scrolls of recharging {unknown}
 x - a scroll of fog {unknown}
Comestibles
 f - 2 bread rations
 i - 2 fruits
 u - a meat ration


   Skills:
 + Level 3.5 Fighting
 + Level 5.3 Long Blades
 + Level 2.0 Throwing
 + Level 2.0 Armour
 + Level 3.7 Dodging
 + Level 0.4 Stealth


You had 5 spell levels left.
You didn't know any spells.

Dungeon Overview and Level Annotations

Branches:
Dungeon (6/15)
 Temple: D:4-7

Altars:
Nemelex Xobeh

Annotations:
D:4 pkoi's ghost, amateur DDFi


Innate Abilities, Weirdness & Mutations

You have a pair of small horns on your head.
You are immune to rotting.


Message History

You hit the bullfrog zombie.
The bullfrog zombie is moderately damaged.
The bullfrog zombie barely misses you.
You riposte.
You hit the bullfrog zombie. You headbutt the bullfrog zombie.
The bullfrog zombie is severely damaged.
The bullfrog zombie hits you!
* * * LOW HITPOINT WARNING * * *
You hit the bullfrog zombie. You headbutt the bullfrog zombie.
The bullfrog zombie is almost destroyed.
The bullfrog zombie hits you.
* * * LOW HITPOINT WARNING * * *
The bullfrog zombie closely misses you.
You barely miss the bullfrog zombie.
The bullfrog zombie is almost destroyed.
The bullfrog zombie hits you.
* * * LOW HITPOINT WARNING * * *
You slash the bullfrog zombie!
You destroy the bullfrog zombie!
You barely miss the adder zombie. The adder zombie bites you.
You die...

..........#
..........##
...........#
.............#
.............#
...........#.#
...........#.#
#.........Z#.###
#...#####@...#
#.#..........#
#.....###....#
####....###....#
#........##....#
#.##...>.##....#
# #.....#######
#.....# #.....#


You could see an adder zombie.

Vanquished Creatures
  A sky beast (D:5)
  The ghost of sugabear the Insei, an amateur DsTm (D:3)
  A bullfrog zombie (D:5)
  An orc wizard (D:4)
  Ijyb (D:3)
  2 iguanas
  Robin (D:2)
  4 adders
  A howler monkey skeleton (D:6)
  2 oozes
  A worm (D:2)
  A dart slug (D:1)
  2 leopard geckos
  5 orcs
  A ball python (D:2)
  3 giant cockroaches
  17 hobgoblins
  8 jackals
  A quokka (D:2)
  13 bats
  7 frilled lizards
  11 goblins
  A jackal skeleton (D:4)
  9 kobolds
  13 rats
108 creatures vanquished.

Notes
Turn   | Place    | Note
-------+----------+-------------------------------------------
     0 | D:1      | slep the Demonspawn Gladiator began the quest for the Orb.
     0 | D:1      | Reached XP level 1. HP: 16/16 MP: 1/1
    89 | D:1      | Gained mutation: You are immune to rotting. [demonic ancestry]
    89 | D:1      | Reached XP level 2. HP: 21/22 MP: 2/2
    93 | D:1      | Reached skill level 3 in Long Blades
   870 | D:1      | Reached XP level 3. HP: 24/27 MP: 3/3
  1187 | D:2      | Reached XP level 4. HP: 27/34 MP: 4/4
  1197 | D:2      | Noticed Robin
  1205 | D:2      | Killed Robin
  1397 | D:2      | Reached skill level 4 in Long Blades
  1627 | D:3      | Reached skill level 1 in Armour
  1645 | D:3      | Reached XP level 5. HP: 26/40 MP: 5/5
  1663 | D:3      | Noticed Ijyb
  1684 | D:3      | Killed Ijyb
  1719 | D:3      | Found a sparkling altar of Nemelex Xobeh.
  1796 | D:3      | Noticed sugabear's ghost (amateur DsTm)
  1809 | D:3      | Killed sugabear's ghost
  2282 | D:4      | Gained mutation: You have a pair of small horns on your head. [demonic ancestry]
  2282 | D:4      | Reached XP level 6. HP: 29/47 MP: 6/6
  2322 | D:4      | Noticed pkoi's ghost (amateur DDFi)
  2347 | D:4      | You fall through a shaft for 2 floors!
  2732 | D:5      | Entered Level 5 of the Dungeon
  2732 | D:5      | Noticed a sky beast
  2743 | D:5      | Killed a sky beast
  2743 | D:5      | Reached skill level 5 in Long Blades
  2763 | D:5      | HP: 2/47 [bullfrog zombie (1)]
  2766 | D:5      | Slain by an adder zombie

Vault maps used:
D:1:      minmay_arrival_doors, minmay_hexomino_p4
D:2:      first_bread, uniq_robin
D:3:      marbit_many_paths, minivault_11, uniq_ijyb
D:4:      cheibrodos_greedy_goblins, minmay_misc_feat_chi, grunt_ministairs_9,
          minmay_misc_feat_rows
D:5:      old_standard_altar, minmay_temple_entry_statues_pillars,
          kennysheep_doodads
D:6:      uniq_sigmund, uniq_edmund

Skill      XL: |  1  2  3  4  5  6 |
---------------+-------------------+-----
Long Blades    | 3 4 5 |  5.3
Throwing       | 2 |  2.0
Dodging        | 3 |  3.7
Armour         | 1 2 |  2.0
Fighting       | 3 |  3.5
Stealth        | |  0.4

Action                   |  1- 3 |  4- 6 || total
-------------------------+-------+-------++-------
Melee: Long sword        |    98 |   231 ||   329
       Headbutt          |       |    19 ||    19
Throw: Throwing net      |       |     2 ||     2
  Use: Potion            |     1 |     3 ||     4
  Eat: Chunk             |     1 |     5 ||     6
Armor: Leather armour    |    29 |    53 ||    82
Dodge: Dodged            |    73 |   195 ||   268
       Rpst.: Long sword |    26 |    51 ||    77

Table legend:
 A = Spawn XP
 B = Non-spawn XP
 C = Spawn XP percentage of total XP
 D = Spawn monster count
 E = Non-spawn monster count
 F = Spawn count percentage of total count
 G = Total turns spent on level
                    A         B        C        D         E        F      G
               +---------+---------+-------+---------+---------+-------+---------
         Total |       0 |     683 |   0.0 |       0 |     108 |   0.0 |  2766
               +---------+---------+-------+---------+---------+-------+---------
           D:1 |       0 |      50 |   0.0 |       0 |      28 |   0.0 |  1066
           D:2 |       0 |     109 |   0.0 |       0 |      40 |   0.0 |   502
           D:3 |       0 |     204 |   0.0 |       0 |      28 |   0.0 |   497
           D:4 |       0 |      67 |   0.0 |       0 |       7 |   0.0 |   282
           D:5 |       0 |     205 |   0.0 |       0 |       3 |   0.0 |    34
           D:6 |       0 |      48 |   0.0 |       0 |       2 |   0.0 |   385
               +---------+---------+-------+---------+---------+-------+---------
